Map: Catalyst LE

Players

TheNotorious - Winner!

  • Race: Protoss Protoss
  • League: Master
  • Spawn Location: 11:00

Nobu

  • Race: Protoss Protoss
  • League: Master
  • Spawn Location: 5:00

VOD

Have the link to the VOD?

Description

Time

  • Played on: Dec. 14, 2017, 5:09 a.m.
  • Length: 14:58
Show
View Real Time Build Order
Export as new Build Order

TheNotorious Protoss - Winner!

Build Orders: Phoenix Opening 

Get SALT Encoding   

  12  0:00  Probe  
  13  0:12  Probe  
  14  0:18  Pylon  
  14  0:24  Probe  
  15  0:37  Probe (Chrono Boost)  
  15  0:38  Gateway  
  16  0:44  Assimilator  
  16  0:49  Probe (Chrono Boost)  
  18  0:57  Probe (Chrono Boost)  
  18  1:00  Gateway  
  19  1:04  Probe  
  19  1:10  Assimilator  
  19  1:16  Probe  
  20  1:26  Cybernetics Core  
  20  1:28  Probe  
  21  1:34  Pylon  
  21  1:40  Probe  
  22  1:52  Probe  
  23  2:03  Adept x2  
  23  2:07  Stargate  
  27  2:15  Shield Battery  
  27  2:23  Pylon  
  27  2:25  Probe  
  28  2:32  Adept  
  30  2:50  Phoenix (Chrono Boost)  
  32  3:01  Robotics Facility  
  32  3:04  Pylon  
  32  3:09  Phoenix (Chrono Boost)  
  34  3:24  Phoenix (Chrono Boost)  
  36  3:46  Phoenix (Chrono Boost)  
  38  4:03  Nexus  
  38  4:05  Pylon  
  36  4:14  Phoenix  
  36  4:20  Probe  
  35  4:30  Immortal  
  39  4:40  Phoenix  
  39  4:45  Probe (Chrono Boost)  
  42  4:57  Probe (Chrono Boost)  
  44  5:00  Probe (Chrono Boost)  
  44  5:05  Phoenix  
  46  5:09  Observer  
  46  5:11  Probe  
  46  5:13  Assimilator  
  48  5:23  Probe  
  49  5:29  Probe  
  49  5:30  Immortal (Chrono Boost)  
  49  5:35  Probe  
  55  5:41  Phoenix (Chrono Boost), Probe  
  58  5:48  Shield Battery  
  58  5:49  Probe  
  59  5:55  Probe  
  60  6:04  Immortal (Chrono Boost)  
  64  6:16  Phoenix  
  64  6:17  Probe (Chrono Boost)  
  68  6:23  Probe (Chrono Boost)  
  68  6:29  Pylon, Probe (Chrono Boost)  
  70  6:33  Stargate, Probe (Chrono Boost)  
  70  6:36  Assimilator  
  70  6:40  Protoss Air Weapons Level 1  
  71  6:47  Probe  
  71  6:50  Probe  
  71  6:51  Immortal  
  76  6:58  Phoenix  
  78  7:18  Probe x2  
  74  7:23  Phoenix  
  74  7:35  Phoenix  
  74  7:37  Immortal (Chrono Boost)  
  72  7:46  Probe x2  
  70  8:00  Zealot x2  
  70  8:01  Pylon, Probe  
  70  8:05  Pylon  
  75  8:06  Pylon  
  75  8:09  Immortal (Chrono Boost)  
  77  8:18  Phoenix x2  
  81  8:23  Nexus  
  81  8:24  Pylon  
  81  8:38  Immortal (Chrono Boost)  
  81  8:39  Probe  
  86  8:41  Probe  
  86  8:43  Phoenix x2  
  91  8:51  Robotics Facility  
  91  8:56  Assimilator  
  91  8:57  Probe x2  
  93  9:08  Phoenix  
  95  9:12  Immortal (Chrono Boost)  
  99  9:17  Probe x2  
  99  9:23  Forge  
  101  9:29  Probe  
  102  9:32  Phoenix  
  102  9:42  Immortal (Chrono Boost)  
  106  9:45  Zealot  
  106  9:48  Zealot  
  110  9:54  Robotics Bay  
  110  9:56  Protoss Ground Weapons Level 1 (Chrono Boost)  
  110  10:01  Phoenix (Chrono Boost)  
  114  10:21  Zealot, Immortal (Chrono Boost)  
  116  10:22  Zealot, Phoenix (Chrono Boost)  
  116  10:26  Phoenix (Chrono Boost), Probe x2  
  116  10:28  Assimilator  
  122  10:30  Pylon  
  122  10:41  Shield Battery  
  122  10:42  Photon Cannon  
  124  10:44  Observer, Probe  
  124  10:48  Phoenix  
  131  10:58  Extended Thermal Lance  
  131  11:04  Colossus (Chrono Boost)  
  131  11:11  Pylon  
  131  11:14  Pylon  
  131  11:22  Photon Cannon  
  131  11:23  Pylon  
  131  11:28  Twilight Council  
  137  11:35  Pylon  
  137  11:37  Colossus (Chrono Boost)  
  137  11:38  Colossus (Chrono Boost)  
  143  11:48  Phoenix  
  143  11:51  Photon Cannon, Shield Battery  
  143  11:52  Pylon  
  145  11:54  Pylon  
  145  12:01  Warp Gate  
  145  12:12  Colossus (Chrono Boost)  
  149  12:22  Phoenix x2  
  155  12:28  Colossus (Chrono Boost)  
  143  12:46  Protoss Ground Weapons Level 2 (Chrono Boost)  
  143  12:47  Phoenix  
  145  12:52  Photon Cannon  
  145  12:53  Photon Cannon  
  145  12:55  Pylon, Phoenix  
  145  12:57  Colossus  
  153  13:01  Zealot x2  
  157  13:12  Phoenix, Probe x2  
  161  13:13  Colossus  
  167  13:27  Phoenix  
  169  13:42  Photon Cannon  
  169  13:44  Shield Battery  
  169  13:47  Phoenix  
  171  13:50  Colossus  
  171  13:52  Phoenix  
  179  13:57  Nexus  
  178  14:12  Phoenix  
Show
View Real Time Build Order
Export as new Build Order

Nobu Protoss 

Build Orders:  

Get SALT Encoding   

  12  0:00  Probe  
  13  0:13  Probe  
  14  0:21  Pylon  
  14  0:25  Probe  
  15  0:39  Probe (Chrono Boost)  
  16  0:47  Gateway  
  16  0:49  Probe (Chrono Boost)  
  17  0:51  Assimilator  
  17  0:54  Probe (Chrono Boost)  
  17  0:57  Assimilator  
  18  1:06  Probe (Chrono Boost)  
  19  1:14  Gateway  
  19  1:15  Probe (Chrono Boost)  
  20  1:20  Probe  
  21  1:32  Probe  
  22  1:34  Cybernetics Core  
  22  1:38  Pylon  
  22  1:44  Probe  
  23  1:56  Probe  
  24  2:08  Probe  
  24  2:11  Stalker  
  24  2:12  Sentry, Warp Gate (Chrono Boost)  
  29  2:16  Pylon  
  29  2:20  Probe  
  30  2:33  Probe  
  31  2:40  Nexus  
  31  2:46  Stalker  
  31  2:48  Probe  
  34  3:03  Stalker  
  36  3:08  Shield Battery  
  36  3:10  Pylon  
  36  3:12  Probe  
  37  3:20  Shield Battery  
  37  3:24  Probe  
  38  3:32  Twilight Council  
  38  3:36  Probe  
  39  3:44  Robotics Facility  
  39  3:48  Probe  
  39  3:51  Shield Battery  
  38  4:04  Shield Battery  
  38  4:08  Stalker x2  
  42  4:14  Probe (Chrono Boost)  
  42  4:15  Probe (Chrono Boost)  
  41  4:19  Blink (Chrono Boost)  
  41  4:26  Probe (Chrono Boost)  
  43  4:32  Observer  
  43  4:35  Probe x2 (Chrono Boost)  
  45  4:42  Pylon  
  45  4:43  Stalker x2  
  45  4:45  Probe  
  50  4:47  Probe  
  51  4:57  Probe  
  51  4:59  Probe  
  53  5:06  Pylon  
  53  5:09  Observer, Probe  
  53  5:12  Probe  
  54  5:23  Nexus, Probe  
  54  5:24  Probe  
  53  5:35  Stalker x2  
  57  5:36  Probe  
  57  5:43  Probe  
  57  5:48  Assimilator  
  58  5:50  Assimilator  
  58  5:52  Gateway x2  
  58  5:55  Pylon, Gateway  
  58  5:56  Probe  
  59  6:00  Probe  
  60  6:08  Probe  
  61  6:11  Charge (Chrono Boost)  
  61  6:12  Probe  
  59  6:20  Probe  
  59  6:24  Probe  
  61  6:27  Stalker x2  
  61  6:29  Pylon  
  66  6:32  Probe  
  66  6:36  Probe x2  
  68  6:42  Forge  
  68  6:44  Probe  
  69  6:47  Templar Archives  
  69  6:48  Probe  
  69  6:52  Stalker  
  69  6:53  Stalker x2  
  76  7:00  Probe  
  68  7:20  Stalker x3  
  68  7:21  Stalker x2  
  71  7:23  Probe  
  71  7:24  Probe  
  62  7:42  Probe  
  62  7:43  Probe x2  
  55  7:44  Stalker  
  55  7:45  Stalker x4  
  61  7:55  Probe x2 (Chrono Boost)  
  61  7:56  Probe (Chrono Boost)  
  64  8:05  Probe x3 (Chrono Boost)  
  67  8:06  Pylon  
  67  8:07  Shield Battery  
  67  8:08  Pylon  
  67  8:09  Probe  
  68  8:23  High Templar x2  
  68  8:24  Stalker  
  68  8:26  Zealot x2  
  78  8:27  Probe  
  79  8:35  Gateway, Probe x2  
  79  8:38  Gateway  
  81  8:42  Gateway  
  81  8:47  Shield Battery  
  81  8:50  Shield Battery  
  81  8:53  Stalker x2  
  85  8:57  Archon  
  83  9:02  Stalker x2  
  83  9:03  Stalker  
  81  9:13  Photon Cannon  
  81  9:15  Photon Cannon  
  81  9:20  Stalker x2  
  81  9:22  Assimilator  
  85  9:25  Assimilator  
  82  9:38  High Templar x2  
  82  9:39  Zealot  
  82  9:41  Probe  
  82  9:43  Photon Cannon  
  82  9:45  Archon, Photon Cannon  
  88  9:46  Probe x2  
  88  9:47  Photon Cannon  
  88  9:51  Photon Cannon  
  90  9:53  Probe  
  90  9:58  Probe  
  92  10:00  Probe  
  92  10:05  High Templar x2  
  92  10:06  Stalker x3  
  92  10:17  Probe (Chrono Boost)  
  95  10:23  Probe (Chrono Boost)  
  97  10:30  Pylon  
  97  10:31  Probe (Chrono Boost)  
  97  10:32  Probe x3 (Chrono Boost)  
  97  10:33  Probe  
  97  10:35  Nexus  
  99  10:38  Pylon  
  99  10:39  Probe  
  99  10:45  High Templar x4  
  99  10:49  Archon x2  
  107  10:50  Probe x2  
  107  10:52  Probe  
  110  11:00  Photon Cannon  
  110  11:05  Photon Cannon  
  110  11:10  Probe x3  
  113  11:14  High Templar x2  
  113  11:16  Observer  
  117  11:23  High Templar x2  
  117  11:24  Zealot, Gateway  
  117  11:25  Gateway  
  123  11:27  Gateway  
  123  11:31  Probe x2  
  125  11:34  Assimilator  
  125  11:36  Archon x2  
  125  11:39  Assimilator  
  125  11:46  Pylon, Probe x3  
  128  11:47  Pylon  
  128  11:51  Pylon  
  128  11:52  Pylon  
  128  11:56  Pylon  
  128  11:58  Probe  
  128  12:01  Pylon  
  117  12:27  Stalker x6  
  117  12:28  Stalker x2  
  119  12:41  High Templar x2  
  119  12:42  Zealot  
  119  12:43  Probe x2  
  119  12:44  Probe x2  
  129  12:46  Archon  
  129  12:51  High Templar  
  129  12:52  High Templar x3  
  129  12:53  High Templar  
  129  12:56  Archon x2  
  129  12:57  High Templar  
  141  13:00  Archon  
  141  13:04  High Templar x2  
  141  13:05  Probe x2  
  147  13:08  Archon  
  147  13:13  Zealot  
  147  13:14  Zealot  
  147  13:18  Probe x2  
  154  13:20  Probe  
  154  13:25  High Templar x2  
  158  13:39  Zealot  
  160  13:45  Probe x3  
  160  13:46  Probe  
  164  13:52  Photon Cannon  
  164  13:57  Probe x3  
  164  13:58  High Templar  
  164  13:59  High Templar x3  
  164  14:00  Stalker x2  
  177  14:18  Archon  
  177  14:19  Archon  
  177  14:21  Zealot x2  
  177  14:22  Zealot x3  
  151  14:42  Stalker x6  
  151  14:43  Stalker  
Tags
 
Matchup
PvP
Spawn Locations
Cross Positions
Add a new tag
Caveats
  • Supply blocks, unpowered buildings, or Contaminate may cause inaccurate times.
  • Supply counts are checked every 10 seconds.